 Dungeon Crawl Stone Soup version 0.27-a0-1200-g94dc6ad4cf (webtiles) character file.

Game seed: 8567823504673330020

1020 barkas the Sneak (level 8, -1/69 HPs)
             Began as a Naga Conjurer on May 31, 2021.
             Slain by an orc
             ... wielding a +0 club
              (2 damage)
             ... on level 6 of the Dungeon.
             The game lasted 00:07:59 (6278 turns).

barkas the Sneak (Naga Conjurer)                    Turns: 6278, Time: 00:08:00

Health: -1/69      AC:  7    Str: 11    XL:     8   Next: 22%
Magic:  8/13       EV:  8    Int: 20    God:
Gold:   300        SH:  5    Dex: 17    Spells: 7/14 levels left

rFire    . . .     SeeInvis +   o - +1 hand axe (elec)
rCold    + . .     Faith    .   C - +0 buckler
rNeg     . . .     Spirit   .   A - +1 ring mail of Anlauwk {rC+ Dex+2}
rPois    +         Reflect  .   (no helmet)
rElec    .         Harm     .   q - +0 cloak
rCorr    .         Rampage  .   (no gloves)
Will     +....                  (no barding)
Stlth    +++.......             (no amulet)
HPRegen  0.21/turn              b - +6 ring of dexterity
MPRegen  0.13/turn              (no ring)

@: lethally poisoned (-1 -> -8), slowed, very slow
A: AC +2, large, see invisible, deformed body, poison resistance, slowness 2,
spit poison 1, naga tail 1
a: Spit Poison


You were on level 6 of the Dungeon.
You visited 1 branch of the dungeon, and saw 6 of its levels.

You collected 342 gold pieces.
You spent 42 gold pieces at shops.

Inventory:

Hand Weapons
 c - a +0 dagger
 h - a +0 long sword
 o - a +1 hand axe of electrocution (weapon)
Missiles
 g - 9 poisoned darts
 u - 5 atropa-tipped darts
Armour
 a - a +0 robe
 q - a +0 cloak (worn)
 A - the +1 ring mail of Anlauwk (worn) {rC+ Dex+2}
   (You found it on level 5 of the Dungeon)

   It affects your dexterity (+2).
   It protects you from cold.
 C - a +0 buckler (worn)
Magical Staves
 e - a staff of poison
 v - a staff of cold
Jewellery
 b - a +6 ring of dexterity (left hand)
Wands
 B - a wand of paralysis (10)
Scrolls
 f - a scroll of noise {unknown}
 k - 3 scrolls of teleportation
 l - a scroll of enchant armour {unknown}
 n - a scroll of acquirement {unknown}
 p - 7 scrolls of identify {unknown}
 s - 3 scrolls of magic mapping {unknown}
 t - a scroll of torment {unknown}
 y - a scroll of brand weapon {unknown}
Potions
 d - a potion of mutation {unknown}
 i - 2 potions of flight {unknown}
 j - 3 potions of lignification {unknown}
 m - 2 potions of might {unknown}
 r - 3 potions of attraction {unknown}
 w - a potion of invisibility {unknown}
 x - a potion of degeneration {unknown}
 z - a potion of curing {unknown}


   Skills:
 + Level 3.3 Fighting
 - Level 1.5 Dodging
 + Level 6.4 Stealth
 - Level 2.4 Shields
 + Level 3.7 Spellcasting
 * Level 6.4 Conjurations
 * Level 2.8 Hexes


You had 7 spell levels left.
You knew the following spells:

 Your Spells              Type           Power      Damage    Failure   Level
a - Magic Dart            Conj           100%       1d8       2%          1
b - Searing Ray           Conj           58%        3d5       3%          2
c - Fulminant Prism       Conj/Hex       11%        3d9       43%         4

Your spell library contained the following spells:

 Spells                   Type           Power      Damage    Failure   Level
 Dazzling Flash           Conj/Hex       44%        N/A       14%         3
 Animate Skeleton         Necr           6%         N/A       32%         1
 Pain                     Necr           12%        1d4       32%         1
 Iskenderun's Mystic Bla  Conj/Tloc      16%        2d5       63%         4
 Vampiric Draining        Necr           1%         2d6       67%         3
 Animate Dead             Necr           1%         N/A       97%         4
 Agony                    Necr           3%         N/A       100%        5


Dungeon Overview and Level Annotations

Branches:
Dungeon (6/15)
 Temple: D:4-7

Altars:
Hepliaklqana
Yredelemnul

Shops:
D:3 *


Innate Abilities, Weirdness & Mutations

Your serpentine skin is tough. (AC +2)
You have supernaturally acute eyesight. (SInv)
Armour fits poorly on your strangely shaped body.
Your system is resistant to poisons. (rPois)
You cover ground very slowly.
You can spit poison.
You have a snake-like lower body.


Message History

The orc hits you but does no damage.
The hornet stings you but does no damage.
Casting: Searing Ray (safe; 3% risk of failure)
Confirm with . or Enter, or press ? or * to list all spells.
Okay, then.
Unknown command.
You barely miss the hornet.
The hornet is heavily wounded.
You hit the orc but do no damage. You block the hornet's attack.
The orc hits you with a +0 club. The hornet stings you.
You block the orc's attack.
Unknown command.
You hit the hornet. Lightning courses through the hornet!
The hornet is severely wounded.
You hit the orc.
You feel yourself speed up.
You have got your breath back.
The hornet stings you! The hornet stings you.
You are poisoned.
The orc hits you with a +0 club. The hornet stings you.
The orc barely misses you.
Casting: Searing Ray (safe; 3% risk of failure)
Confirm with . or Enter, or press ? or * to list all spells.
Aiming: Searing Ray (safe; 3% risk of failure)
Press: ? - help, Shift-Dir - straight line, f/p - hornet
Aim: a hornet (severely wounded, 69% to hit)
The searing ray misses the hornet. (Press . to maintain the ray.)
You feel very sick. The hornet stings you!
* * * LOW HITPOINT WARNING * * *
You feel yourself slow down. The hornet stings you.
* * * LOW HITPOINT WARNING * * *
The orc hits you but does no damage.
The searing ray hits the hornet!
You kill the hornet!
* * * LOW HITPOINT WARNING * * *
You feel very sick. The orc hits you with a +0 club.
You die...

#.# ###..# #..
###....#### #.#
####...<........
###..##.............##
###............###..###
............#### ...#
##......### ....#
##...o## .#...# ##.@.#
#..# #.........#
#.###.###..# .. ..# ...
.# #... . #... .. ##..


You could see an orc.

Vanquished Creatures
  A hornet (D:6)
  2 ogres (D:5)
  A phantom (D:6)
  A water moccasin skeleton (D:4)
  3 centaur zombies
  A bullfrog skeleton (D:5)
  2 bullfrog zombies (D:5)
  4 hounds
  A centaur skeleton (D:5)
  2 jellies
  An orc priest (D:3)
  An iguana (D:5)
  An orc wizard (D:5)
  A killer bee zombie (D:5)
  A hound skeleton (D:3)
  8 adders
  A howler monkey skeleton (D:4)
  An ufetubus (D:5)
  An adder zombie (D:5)
  An adder skeleton (D:4)
  2 worms (D:2)
  10 dart slugs
  11 orcs
  4 bats
  5 endoplasms
  3 giant cockroaches
  14 goblins
  6 hobgoblins
  5 kobolds
  6 quokkas
  9 ball pythons
  A frilled lizard (D:2)
  7 rats
118 creatures vanquished.

Notes
Turn   | Place    | Note
-------+----------+-------------------------------------------
     0 | D:1      | barkas the Naga Conjurer began the quest for the Orb.
     0 | D:1      | Reached XP level 1. HP: 15/15 MP: 3/3
   110 | D:1      | Reached XP level 2. HP: 24/24 MP: 0/5
   201 | D:1      | Found a faded altar of an unknown god.
   576 | D:2      | Reached XP level 3. HP: 27/30 MP: 0/6
   698 | D:2      | Reached skill level 1 in Fighting
   991 | D:2      | Reached XP level 4. HP: 38/38 MP: 2/7
  1259 | D:2      | Reached skill level 1 in Shields
  1797 | D:3      | Reached XP level 5. HP: 35/44 MP: 2/8
  2131 | D:3      | Found Geuloqex's General Store.
  2143 | D:3      | Bought a scroll of teleportation for 42 gold pieces
  2219 | D:3      | Learned a level 2 spell: Searing Ray
  2224 | D:3      | Learned a level 4 spell: Fulminant Prism
  2983 | D:3      | Reached skill level 5 in Conjurations
  3598 | D:4      | Reached XP level 6. HP: 48/52 MP: 6/10
  3726 | D:4      | Reached skill level 5 in Stealth
  4146 | D:4      | Found a hazy altar of Hepliaklqana.
  4512 | D:5      | Entered Level 5 of the Dungeon
  4588 | D:5      | Found a basalt altar of Yredelemnul.
  4646 | D:5      | Reached XP level 7. HP: 32/61 MP: 5/11
  4891 | D:5      | Reached skill level 1 in Hexes
  4967 | D:5      | Identified the +1 ring mail of Anlauwk {rC+ Dex+2}
  5547 | D:5      | Reached XP level 8. HP: 69/69 MP: 7/13
  6259 | D:6      | Noticed a hornet
  6278 | D:6      | Killed a hornet
  6278 | D:6      | HP: 1/69 [poisoned by a hornet]
  6278 | D:6      | Slain by an orc

Illustrated notes

Levels and vault maps discovered:
D:1:      elethiomel_arrival_quiet, layout_rooms, ebering_ecumenical_altar_mist
D:2:      kb_forest_paths, layout_basic, chequers_arboretum, minmay_mini_jars
D:3:      kennysheep_the_goblin_king, layout_basic, serial_co_window_serial,
          co_window_paths_b, co_window_of_opportunity_a, co_window_paths_a,
          co_window_of_opportunity_a, co_window_paths_a, co_window_paths_a,
          co_window_cross_1, co_window_corner_a, co_window_corner_a,
          co_window_corner_b, co_window_paths_c, co_window_corner_ca,
          co_window_corner_b, co_window_sun, glass_columns_a, glass_columns_c,
          glass_columns_b, serial_shops, nicolae_shop_behind_doors
D:4:      wander_river, layout_basic, lemuel_tele_altar
D:5:      layout_loops_ring, nicolae_yredelemnul_corpse_copse
D:6:      kennysheep_slugbush, layout_layer_cave, minmay_temple_entry_poolview,
          serial_shops, shop, minmay_misc_feat_enclosed

Skill      XL: |  1  2  3  4  5  6  7 |
---------------+----------------------+-----
Fighting       | 1 2 3 |  3.3
Stealth        | 4 5 6 |  6.4
Shields        | 1 2 |  2.4
Conjurations   | 5 6 |  6.4
Spellcasting   | 3 |  3.7
Hexes          | 2 |  2.8
Dodging        | |  1.5

Action                   |  1- 3 |  4- 6 |  7- 9 || total
-------------------------+-------+-------+-------++-------
Melee: Dagger            |     2 |       |       ||     2
       Unarmed           |     1 |       |       ||     1
       Long sword        |     1 |     6 |       ||     7
       Hand axe          |       |    55 |    19 ||    74
 Cast: Magic Dart        |    33 |    73 |    20 ||   126
       Searing Ray       |       |     7 |    15 ||    22
 Abil: Spit Poison       |    21 |    25 |     8 ||    54
 Stab: Sleeping          |       |     2 |       ||     2
Armor: Robe              |     1 |    23 |       ||    24
       Ring mail         |       |       |    22 ||    22
Dodge: Dodged            |     8 |    49 |    21 ||    78
Block: Buckler           |       |    24 |    15 ||    39

Table legend: (Time is in decaauts)
 A = Elapsed time spent in this place.
 B = Non-inter-level travel time spent in this place.
 C = Inter-level travel time spent in this place.
 D = Time resting spent in this place.
 E = Time spent auto-exploring this place.
 F = Levels seen in this place.
 G = Mean time per level.
                   A        B        C        D        E       F      G
               +--------+--------+--------+--------+--------+-----+--------+
         Total |   7846 |   7374 |    472 |    415 |   6007 |   6 | 1307.7 |
       Dungeon |   7846 |   7374 |    472 |    415 |   6007 |   6 | 1307.7 |
               +--------+--------+--------+--------+--------+-----+--------+

Top non-repeatable levels by time:
     D:3: 2282 daAuts
     D:4: 1488 daAuts
     D:2: 1402 daAuts
     D:5: 1401 daAuts
     D:1: 699 daAuts
     D:6: 572 daAuts
